 Dungeon Crawl Stone Soup version 0.32-a0-42-ga30500b (webtiles) character file.

Game seed: 13690504668981911173

10234 PublicAnimeNo1 the Toxicologist (level 11, 50/82 (83) HPs)
             Began as a Demonspawn Alchemist on Jan 17, 2024.
             Was an Initiate of Yredelemnul.
             Quit the game on level 11 of the Dungeon on Feb 2, 2024.
             The game lasted 00:23:34 (10717 turns).

PublicAnimeNo1 the Toxicologist (DsAl)             Turns: 10717, Time: 00:23:34

HP:   50/82 (83)    AC: 18    Str: 11    XL:     11   Next: 33%
MP:   8/23          EV: 30    Int: 23    God:    Yredelemnul [......]
Gold: 707           SH:  4    Dex: 20    Spells: 10/26 levels left

rFire   + . .        K - +5 spear (freeze)
rCold   . . .        (no shield)
rNeg    . . .        J - +0 steam dragon scales
rPois   .            k - +0 helmet of the Dragon {Harm Will- Int+3 Dex+4}
rElec   .            S - +0 cloak
rCorr   .            A - +0 pair of gloves
SInv    .            y - +2 pair of boots
Will    ++...        f - amulet "Liuck" {Acrobat Str+3}
Stlth   ++           s - +4 ring of protection
HPRegen 0.33/turn    t - ring of Kuedghie {^Contam Fly Will+++ Dex+2}
MPRegen 0.18/turn

%: harm (+30% outgoing, +20% incoming), acrobat
@: acrobatic, flying, lightly drained
A: slimy green scales 2, powered by death 1, condensation shield, weakness
stinger 2, fire resistance 1, inability to read after injury 1
a: Renounce Religion, Recall Undead Harvest


You were on level 11 of the Dungeon.
You worshipped Yredelemnul.
Yredelemnul was aware of your devotion.
You visited 2 branches of the dungeon, and saw 12 of its levels.

You collected 707 gold pieces.

Inventory:

Hand Weapons
 j - a +1 dagger of venom
 m - a +5 mace of protection
 K - a +5 spear of freezing (weapon)
Armour
 k - the +0 helmet of the Dragon (worn) {Harm Will- Int+3 Dex+4}
   (You found it on level 3 of the Dungeon)

   Int+3:     It affects your intelligence (+3).
   Dex+4:     It affects your dexterity (+4).
   Will-:     It decreases your willpower.
   Harm:      It increases damage dealt and taken.
 y - a +2 pair of boots (worn)
 A - a +0 pair of gloves (worn)
 D - a +0 leather armour
 J - +0 steam dragon scales (worn)
 S - a +0 cloak (worn)
Jewellery
 d - a ring of positive energy
 f - the amulet "Liuck" (around neck) {Acrobat Str+3}
   (You acquired it on level 8 of the Dungeon)

   [amulet of the acrobat]

   Acrobat:   It increases your evasion while moving and waiting.
   Str+3:     It affects your strength (+3).
 s - a +4 ring of protection (left hand)
 t - the ring of Kuedghie (right hand) {^Contam Fly Will+++ Dex+2}
   (You found it on level 4 of the Dungeon)

   [ring of flight]

   Dex+2:     It affects your dexterity (+2).
   Will+++:   It greatly increases your willpower.
   Fly:       It grants you flight.
   ^Contam:   It causes magical contamination when unequipped.
 v - a ring of resist corrosion
 B - a ring of protection from cold
 I - a +6 ring of intelligence
 M - an amulet of regeneration
 Q - a ring of ice
Wands
 o - a wand of flame (3)
 r - a wand of polymorph (12)
 z - a wand of mindburst (22)
 C - a wand of paralysis (4)
 H - a wand of acid (2)
 L - a wand of roots (10)
Scrolls
 a - a scroll of poison
 e - a scroll of torment
 h - 4 scrolls of enchant armour
 x - 4 scrolls of teleportation
 E - a scroll of blinking
 O - a scroll of noise
Potions
 b - a potion of magic
 c - 6 potions of curing
 g - 2 potions of enlightenment
 i - 2 potions of heal wounds
 l - 4 potions of attraction
 n - a potion of mutation
 p - 3 potions of cancellation
 q - a potion of berserk rage {unknown}
 u - 2 potions of invisibility
 w - a potion of lignification
 G - a potion of haste
 N - a potion of might
 R - a potion of brilliance {unknown}


   Skills:
 - Level 6.5 Fighting
 + Level 5.2 Dodging
 - Level 1.7 Stealth
 + Level 8.1 Spellcasting
 - Level 1.0 Conjurations
 + Level 7.4 Fire Magic
 - Level 8.9 Alchemy
 + Level 8.1 Invocations


You had 10 spell levels left.
You knew the following spells:

 Your Spells              Type           Power      Damage    Failure   Level
a - Sting                 Conj/Alch      100%       1d9       1%          1
b - Olgreb's Toxic Radia  Alch           50%        N/A       1%          4
c - Sticky Flame          Fire/Alch      47%        2d9       2%          4
d - Mephitic Cloud        Conj/Alch/Air  24%        N/A       5%          3
e - Ignite Poison         Fire/Alch      47%        N/A       2%          4

Your spell library contained the following spells:

 Spells                   Type           Power      Damage    Failure   Level
 Mercury Vapours          Alch/Air       58%        N/A       1%          2
 Cigotuvi's Dreadful Rot  Necr/Alch/Air  46%        N/A       3%          2
 Magic Dart               Conj           56%        1d5       4%          1
 Alistair's Intoxication  Alch           33%        N/A       4%          5
 Freeze                   Ice            36%        1d5       7%          1
 Necrotise                Necr           36%        1d5       7%          1
 Sandblast                Erth           18%        2d7       7%          1
 Blink                    Tloc           18%        N/A       11%         2
 Call Imp                 Summ           18%        N/A       11%         2
 Sublimation of Blood     Necr           9%         N/A       11%         2
 Hailstorm                Conj/Ice       11%        3d6       17%         3
 Stone Arrow              Conj/Erth      22%        3d8       17%         3
 Call Canine Familiar     Summ           9%         N/A       21%         3
 Frozen Ramparts          Ice            18%        1d3       21%         3
 Passwall                 Erth           9%         N/A       21%         3
 Sigil of Binding         Hex            9%         N/A       21%         3
 Vampiric Draining        Necr           9%         2d6       21%         3
 Eringya's Noxious Bog    Alch           25%        4d6       26%         6
 Brom's Barrelling Bould  Conj/Erth      11%        2d3       50%         4
 Dimensional Bullseye     Hex/Tloc       4%         N/A       56%         4
 Martyr's Knell           Necr/Summ      9%         N/A       56%         4
 Freezing Cloud           Conj/Ice/Air   5%         6-21      86%         5
 Borgnjor's Vile Clutch   Necr/Erth      4%         N/A       88%         5
 Curse of Agony           Necr           9%         N/A       88%         5
 Summon Hydra             Summ           4%         N/A       100%        7


Dungeon Overview and Level Annotations

Branches:
Dungeon (11/15)            Temple (1/1) D:6             Orc (0/2) D:10
   Lair: D:8-11

Altars:
Ashenzari
Cheibriados
Dithmenos
Fedhas
Gozag
Hepliaklqana
Kikubaaqudgha
Makhleb
Nemelex Xobeh
Okawaru
Qazlal
Ru
Sif Muna
Trog
Uskayaw
Vehumet
Wu Jian
Xom
Yredelemnul

Shops:
D:3 :   D:8 (   D:10 :

Annotations:
D:5 Eustachio
D:6 exclusion: two-headed ogre


Innate Abilities, Weirdness & Mutations

You are mostly covered in slimy green scales. (AC +3)
You regenerate a little health from kills.
A meltable shield of frost defends you. (SH +4)
You have a tail ending in a sharp stinger.
Your flesh is heat resistant. (rF+)
You occasionally lose the ability to read scrolls when taking damage.


Message History

The spectral orc warrior hits you with a +0 war axe.
You feel drained.
The spectral orc warrior hits you with a +0 short sword.
You block Nergalle's attack.
The spectral orc warrior hits you from afar with a +0 halberd.
You feel drained.
The spectral orc warrior closely misses you.
The spectral orc warrior misses you.
Casting: Sticky Flame (dangerous; 2% risk of failure)
Confirm with . or Enter, or press ? or * to list all spells.
Aiming: Sticky Flame (dangerous; 2% risk of failure)
Press: ? - help, Shift-Dir - straight line, f/p - Nergalle
Aim: Nergalle, wielding a +2 dagger of draining and wearing a +0 robe (severely wounded, covered in liquid flames)
The sticky flame hits Nergalle.
Nergalle is almost dead.
Nergalle burns!
You kill Nergalle!
The spectral orc warrior disappears in a puff of smoke! x3
The spectral orc knight disappears in a puff of smoke!
Your Invocations skill increases to level 8!
Things that are here:
a +2 dagger of draining; a +0 robe Welcome back, PublicAnimeNo1 the Demonspawn Alchemist.
Yredelemnul says: Carry the black torch!
Rouse the idle dead!
Press ? for a list of commands and other information.
Found 7 stones.
Welcome back, PublicAnimeNo1 the Demonspawn Alchemist.
Yredelemnul says: Carry the black torch!
Rouse the idle dead!
Press ? for a list of commands and other information.
Welcome back, PublicAnimeNo1 the Demonspawn Alchemist.
Yredelemnul says: Carry the black torch!
Rouse the idle dead!
Press ? for a list of commands and other information.
Welcome back, PublicAnimeNo1 the Demonspawn Alchemist.
Yredelemnul says: Carry the black torch!
Rouse the idle dead!
Press ? for a list of commands and other information.
Welcome back, PublicAnimeNo1 the Demonspawn Alchemist.
Yredelemnul says: Carry the black torch!
Rouse the idle dead!
Press ? for a list of commands and other information.
Unknown command.
Are you sure you want to abandon this character and quit the game? (Confirm with "yes".)

..#..##..#..# ....
.........#..#.....
..............#.....
....#####<#.......#.
#..........#.#.#...
#.##+#...#.[.......
..#.#(.#.#.#.#.#.#.#.
.......#[..........#
..P.P.P@.##..#.#.#...
.P.P.P....##.......##
......PP..##........#
PP.P...P$..#..#.#####
P.##+#.PP.....#.# .
#........ #..P..####
#.P....


There were no monsters in sight!

Vanquished Creatures
  3 two-headed ogres
  Nergalle (D:11)
  Pikel (D:5)
  Maggie (D:8)
  A gargoyle (D:8)
  A kobold demonologist (D:11)
  An unseen horror (D:10)
  2 trolls
  A vampire (D:10)
  A wraith (D:9)
  4 yaks (D:10)
  2 wyverns
  2 steam dragons
  2 chaos spawn (D:9)
  3 water moccasins
  2 orc warriors (D:10)
  An ice beast (D:6)
  A black bear (D:11)
  A sky beast (D:7)
  2 ogres (D:6)
  A centaur (D:6)
  2 lemures (D:5)
  3 kobold brigands
  2 bullfrogs
  A scorpion (D:11)
  4 wights (D:8)
  9 killer bees (D:10)
  3 jellies
  A gnoll bouda (D:9)
  7 orc priests
  Ijyb (D:5)
  7 orc wizards
  3 iguanas
  Natasha (thrice) (D:3)
  Robin (D:2)
  4 gnolls (D:9)
  8 adders
  3 dart slugs
  4 ribbon worms
  32 orcs
  5 endoplasms
  3 giant cockroaches
  19 goblins
  20 hobgoblins
  4 jackals (D:4)
  5 quokkas
  A ball python (D:1)
  6 bats
  5 frilled lizards
  17 kobolds
  2 rats (D:2)
219 creatures vanquished.

Vanquished Creatures (collateral kills)
  An arcanist (D:10)
  A cyclops (D:10)
  A yak (D:10)
  A chaos spawn (D:9)
  2 bullfrogs
  A crimson imp (D:10)
  2 orc wizards
  2 orcs
11 creatures vanquished.

Vanquished Creatures (others)
  A killer bee zombie (D:10)
  A human zombie (D:8)
  A kobold (D:7)
  7 kobold zombies
  7 orc zombies
17 creatures vanquished.

Grand Total: 247 creatures vanquished

Notes
Turn   | Place    | Note
-------+----------+-------------------------------------------
     0 | D:1      | PublicAnimeNo1 the Demonspawn Alchemist began the quest for
                  | the Orb.
     0 | D:1      | Reached XP level 1. HP: 13/13 MP: 3/3
   216 | D:1      | Gained mutation: You have a small tail. [demonic ancestry]
   216 | D:1      | Reached XP level 2. HP: 19/19 MP: 1/5
   914 | D:1      | Gained mutation: You have a tail ending in a sharp stinger.
                  | [demonic ancestry]
   914 | D:1      | Reached XP level 3. HP: 24/24 MP: 4/6
  1327 | D:1      | Found a faded altar of an unknown god.
  1820 | D:2      | Noticed Robin
  1829 | D:2      | Killed Robin
  1830 | D:2      | Reached skill level 5 in Alchemy
  1830 | D:2      | Reached XP level 4. HP: 20/30 MP: 0/7
  2023 | D:2      | Noticed Natasha
  2506 | D:3      | Reached XP level 5. HP: 23/35 MP: 5/8
  2664 | D:3      | Killed Natasha
  3077 | D:3      | Found Semuhini's Book Boutique.
  3078 | D:3      | Identified the +0 helmet of the Dragon {Harm Will- Int+3
                  | Dex+4}
  3404 | D:3      | Noticed Natasha
  3411 | D:3      | Killed Natasha
  3412 | D:3      | Gained mutation: A meltable shield of frost defends you.
                  | (SH +4) [demonic ancestry]
  3412 | D:3      | Reached XP level 6. HP: 34/42 MP: 3/9
  3506 | D:3      | Noticed Natasha
  3511 | D:3      | Killed Natasha
  3626 | D:3      | Reached skill level 1 in Fighting
  3915 | D:4      | Identified the ring of Kuedghie {^Contam Fly Will+++ Dex+2}
  4026 | D:4      | Gained mutation: You occasionally lose the ability to read
                  | scrolls when taking damage. [potion of mutation]
  4026 | D:4      | Gained mutation: Your body sometimes deteriorates upon
                  | taking damage. [potion of mutation]
  4026 | D:4      | Gained mutation: You are dopey. (Int -2) [potion of
                  | mutation]
  4027 | D:4      | an ogre changed into a water moccasin
  4027 | D:4      | Noticed a water moccasin
  4028 | D:4      | HP: 2/43 [water moccasin (1)]
  4033 | D:4      | Killed a water moccasin
  4149 | D:4      | Lost mutation: You are dopey. (Int -2) [potion of mutation]
  4149 | D:4      | Lost mutation: Your body sometimes deteriorates upon taking
                  | damage. [potion of mutation]
  4149 | D:4      | Gained mutation: Your flesh is heat resistant. (rF+)
                  | [potion of mutation]
  4232 | D:4      | Learned a level 4 spell: Olgreb's Toxic Radiance
  4237 | D:4      | Learned a level 4 spell: Sticky Flame
  4346 | D:4      | Gained mutation: You are partially covered in slimy green
                  | scales. (AC +2) [demonic ancestry]
  4346 | D:4      | Reached XP level 7. HP: 50/50 MP: 11/11
  4367 | D:5      | Entered Level 5 of the Dungeon
  4451 | D:5      | Noticed Eustachio
  4813 | D:5      | Noticed Pikel
  4814 | D:5      | Noticed Ijyb
  4814 | D:5      | Noticed a wyvern
  4823 | D:5      | Killed a wyvern
  4824 | D:5      | Reached skill level 1 in Fire Magic
  4825 | D:5      | Killed Pikel
  4826 | D:5      | Reached XP level 8. HP: 60/60 MP: 0/14
  4826 | D:5      | Killed Ijyb
  5199 | D:5      | Found a sacrificial altar of Ru.
  5305 | D:6      | Noticed a two-headed ogre
  5333 | D:6      | Found a staircase to the Ecumenical Temple.
  5351 | D:6      | Killed a two-headed ogre
  5352 | D:6      | Reached skill level 5 in Spellcasting
  5482 | Temple   | Entered the Ecumenical Temple
  5505 | Temple   | Became a worshipper of Yredelemnul the Dark
  5584 | D:6      | Reached skill level 5 in Fighting
  5584 | D:6      | Gained mutation: You regenerate a little health from kills.
                  | [demonic ancestry]
  5584 | D:6      | Reached XP level 9. HP: 68/68 MP: 11/16
  5713 | D:6      | Noticed a two-headed ogre
  5722 | D:6      | Killed a two-headed ogre
  5723 | D:6      | Reached * piety under Yredelemnul
  6489 | D:7      | Reached skill level 1 in Invocations
  6776 | D:7      | Reached skill level 5 in Fire Magic
  7312 | D:8      | Noticed Maggie
  7319 | D:8      | Killed Maggie
  7580 | D:8      | Your ally Maggie died
  7583 | D:8      | Reached XP level 10. HP: 76/77 MP: 14/19
  7843 | D:8      | Learned a level 3 spell: Mephitic Cloud
  7848 | D:8      | Learned a level 4 spell: Ignite Poison
  7976 | D:8      | Found Opibes's Weapon Boutique.
  8173 | D:8      | Noticed a gargoyle
  8178 | D:8      | Killed a gargoyle
  8469 | D:8      | Identified a scroll of acquirement
  8469 | D:8      | Acquired the amulet "Liuck" {Acrobat Str+3}
  8552 | D:9      | Found a shimmering altar of Xom.
  8552 | D:9      | Found the +7 mace of Variability {chaos, chaos arc}
  8557 | D:9      | Noticed a two-headed ogre
  8562 | D:9      | Killed a two-headed ogre
  8563 | D:9      | Reached skill level 5 in Invocations
  8706 | D:9      | Found an iron altar of Okawaru.
  8827 | D:9      | Reached ** piety under Yredelemnul
  9057 | D:9      | Reached *** piety under Yredelemnul
  9315 | D:10     | Entered Level 10 of the Dungeon
  9539 | D:10     | Found a staircase to the Orcish Mines.
  9629 | D:10     | Reached **** piety under Yredelemnul
  9710 | D:10     | Identified the +0 leather armour of Lanolic {Str+2}
  9768 | D:10     | Noticed an arcanist
  9772 | D:10     | Killed an arcanist
  9886 | D:10     | Noticed a cyclops
  9894 | D:10     | Killed a cyclops
  9895 | D:10     | Gained mutation: You are mostly covered in slimy green
                  | scales. (AC +3) [demonic ancestry]
  9895 | D:10     | Reached XP level 11. HP: 83/83 MP: 22/22
 10084 | D:10     | Found a shadowy altar of Dithmenos.
 10090 | D:10     | Reached ***** piety under Yredelemnul
 10103 | D:10     | Reached ****** piety under Yredelemnul
 10259 | D:10     | Found Xiffer's Tremendous Tomes.
 10457 | D:11     | Reached skill level 5 in Dodging
 10534 | D:11     | Noticed Nergalle
 10537 | D:11     | Noticed a spectral orc warlord
 10714 | D:11     | Killed Nergalle
 10716 | D:11     | Upgraded the game from 0.32-a0-22-g6ae6769 to
                  | 0.32-a0-41-gec2d92a
 10717 | D:11     | Upgraded the game from 0.32-a0-41-gec2d92a to
                  | 0.32-a0-42-ga30500b
 10717 | D:11     | Quit the game

Illustrated notes

Levels and vault maps discovered:
D:1:      lightli_arrival_flooded_house, layout_basic,
          nicolae_ecumenical_lake_church
D:2:      layout_rooms, minivault_26, uniq_natasha, uniq_robin
D:3:      layout_rooms, serial_forest, infiniplex_forest_straight_1,
          infiniplex_forest_clump_long, infiniplex_forest_lined_3,
          infiniplex_forest_straight_2, infiniplex_forest_corner_1,
          infiniplex_forest_zigzag_1, infiniplex_forest_lined_corner,
          serial_shops, shop
D:4:      layout_rooms, interstate_on_off
D:5:      layout_basic, nicolae_ru_path_of_blood, uniq_ijyb, uniq_pikel,
          uniq_eustachio
D:6:      layout_loops_ring, minmay_temple_entry_trees, serial_aquarium,
          aquarium_bridge_straight [aquarium_subvault_bridge,
          aquarium_subvault_wall, aquarium_subvault_bridge,
          aquarium_subvault_window], aquarium_bridge_long_joined
          [aquarium_subvault_bridge, aquarium_subvault_wall,
          aquarium_subvault_bridge, aquarium_subvault_bridge,
          aquarium_subvault_wall, aquarium_subvault_window], aquarium_window_3,
          aquarium_window_fake, aquarium_window_fake, aquarium_window_fake,
          aquarium_view_2f, aquarium_balcony_5b
D:7:      layout_loops_ring, hangedman_decor_diamond_cutter
D:8:      layout_loops_cross, serial_co_window_serial,
          co_window_of_opportunity_a, co_window_paths_a,
          co_window_of_opportunity_a, co_window_of_opportunity_a,
          co_window_paths_b, co_window_of_opportunity_b, co_window_cross_2,
          co_window_2corner, co_window_paths_e, glass_columns_a,
          glass_columns_b, glass_columns_a, glass_columns_a, serial_shops,
          nicolae_shop_waterfront, uniq_maggie
D:9:      wander_river, layout_gridville, mainiacjoe_overflow_small_starburst,
          minmay_guarded_unrand_variability
D:10:     layout_loops_ring, nicolae_dithmenos_the_darkroom, hiddenorc1_lemuel,
          nicolae_shop_i_like_big_books, lightli_wizard_tower
D:11:     layout_stronghold, grunt_lair_entry_orc_guard_hut, serial_glass,
          glass_columns_a, glass_columns_c, glass_columns_a, glass_columns_b,
          glass_columns_a, glass_columns_b, item_on_display_a,
          item_on_display_a, feat_on_display, minmay_strange_pillars,
          minmay_alternating_orb, uniq_nergalle
Temple:   nicolae_temple_bog_church

Skill      XL: |  1  2  3  4  5  6  7  8  9 10 11 |
---------------+----------------------------------+-----
Alchemy        | 4 5 6 7 8 |  8.9
Fighting       | 2 3 5 6 |  6.5
Spellcasting   | 3 4 5 6 7 8 |  8.1
Fire Magic     | 2 3 5 7 |  7.4
Invocations    | 4 7 8 |  8.1
Dodging        | 4 5 |  5.2
Stealth        | |  1.7
Conjurations   | |  1.0

Action                     |  1- 3 |  4- 6 |  7- 9 | 10-12 || total
---------------------------+-------+-------+-------+-------++-------
  Melee: Unarmed           |     7 |       |       |       ||     7
         Dagger            |    31 |       |       |       ||    31
         Tailslap          |     3 |    14 |    12 |     8 ||    37
         Mace              |       |    93 |    63 |       ||   156
         Punch             |       |     1 |     1 |     1 ||     3
         Spear             |       |       |     2 |    63 ||    65
   Cast: Sting             |    72 |   108 |    28 |     7 ||   215
         Olgreb's Toxic Ra |       |       |     7 |    16 ||    23
         Sticky Flame      |       |       |    12 |    14 ||    26
         Ignite Poison     |       |       |       |     3 ||     3
 Invoke: Recall Undead Har |       |       |       |     3 ||     3
         Dark Bargain      |       |       |       |     1 ||     1
  Evoke: Wand              |       |     1 |     4 |       ||     5
    Use: Scroll            |       |     8 |       |    12 ||    20
         Potion            |       |     5 |       |       ||     5
   Stab: Sleeping          |       |     2 |     1 |     1 ||     4
         Distracted        |       |       |       |     1 ||     1
 Armour: Robe              |    34 |    78 |    15 |       ||   127
         Leather armour    |       |       |    50 |       ||    50
         Steam dragon scal |       |       |     6 |    43 ||    49
  Dodge: Dodged            |    38 |    66 |    61 |    54 ||   219
  Block: Other             |       |     6 |     8 |     8 ||    22

Table legend: (Time is in decaauts)
 A = Elapsed time spent in this place.
 B = Non-inter-level travel time spent in this place.
 C = Inter-level travel time spent in this place.
 D = Time resting spent in this place.
 E = Time spent auto-exploring this place.
 F = Levels seen in this place.
 G = Mean time per level.
                   A        B        C        D        E       F      G
               +--------+--------+--------+--------+--------+-----+--------+
         Total |  10804 |  10452 |    352 |   1351 |   7559 |  12 |  900.3 |
       Dungeon |  10761 |  10452 |    309 |   1351 |   7559 |  11 |  978.3 |
        Temple |     43 |      1 |     42 |      0 |      0 |   1 |   43.0 |
               +--------+--------+--------+--------+--------+-----+--------+

Top non-repeatable levels by time:
     D:1: 1422 daAuts
     D:3: 1334 daAuts
    D:10: 1259 daAuts
     D:8: 1217 daAuts
     D:6: 1104 daAuts
     D:2: 951 daAuts
     D:7: 916 daAuts
     D:5: 902 daAuts
     D:9: 801 daAuts
     D:4: 702 daAuts
    D:11: 147 daAuts
  Temple: 43 daAuts
